 Dungeon Crawl Stone Soup version 0.18-a0-731-ga019a5f (webtiles) character file.

58063 Raultor the Carver (level 14, -4/111 HPs)
             Began as a Demonspawn Gladiator on Dec 9, 2015.
             Was the Champion of Makhleb.
             Slain by an orc warrior
             ... wielding a +0 battleaxe
              (18 damage)
             ... on level 4 of the Orcish Mines.
             The game lasted 01:46:35 (24595 turns).

Raultor the Carver (Demonspawn Gladiator)          Turns: 24595, Time: 01:46:35

Health: -4/111     AC: 21    Str: 24    XL:     14   Next: 48%
Magic:  23/23      EV: 16    Int:  6    God:    Makhleb [******]
Gold:   2277       SH:  2    Dex: 22    Spells: 0 memorised, 13 levels left

rFire  . . .     SeeInvis .     E - +0 great sword (drain)
rCold  + . .     Clarity  .     o - +1 chain mail of the Game Afoot {*Contam rPois rCorr} (curse)
rNeg   + . .     SustAt   .     (shield currently unavailable)
rPois  +         Gourm    .     l - +2 hat {MR+}
rElec  +         Spirit   .     v - +2 cloak
rCorr  +         Dismiss  .     q - +0 pair of gloves
rMut   .         Stasis   +     (boots unavailable)
MR     ++...                    H - amulet of stasis {Stasis, !d}
Stlth  ..........               J - ring of Majantoe {rElec rC+ rN+ Int-3 Dex+3}
                                p - +3 ring of dexterity

@: mighty, very slightly contaminated, studying Evocations, drained, very
resistant to hostile enchantments, extremely unstealthy
A: talons 3, large bone plates 1, demonic guardian 1, powered by pain 2
a: Minor Destruction, Lesser Servant of Makhleb, Major Destruction, Greater
Servant of Makhleb, Renounce Religion


You were on level 4 of the Orcish Mines.
You worshipped Makhleb.
Makhleb was exalted by your worship.
You were not hungry.

You visited 4 branches of the dungeon, and saw 23 of its levels.
You also visited: Volcano.

You collected 2277 gold pieces.

Inventory:

Hand Weapons
 r - a +1 scimitar of flaming
   (You took it off a hell knight in a volcano)
 E - a +0 great sword of draining (weapon)
   (You found it on level 6 of the Dungeon)
Armour
 l - a +2 hat of magic resistance (worn)
   (You found it on level 1 of the Dungeon)
 o - the cursed +1 chain mail of the Game Afoot (worn) {*Contam rPois rCorr}
   (You found it on level 8 of the Lair of Beasts)

   It protects you from poison.
   It causes magical contamination when unequipped.
   It protects you from acid and corrosion.
   It has a curse placed upon it.
 q - a +0 pair of gloves (worn)
   (You found it on level 4 of the Dungeon)
 v - a +2 cloak (worn)
   (You found it on level 3 of the Lair of Beasts)
 X - a +0 chain mail of fire resistance
   (You found it in a volcano)
Rods
 d - a +1 rod of the swarm (11/11) {!a}
   (You found it on level 6 of the Lair of Beasts)
Jewellery
 p - a +3 ring of dexterity (left hand)
   (You found it in a volcano)
 H - an amulet of stasis (around neck) {Stasis, !d}
   (You found it on level 9 of the Dungeon)
 I - an uncursed amulet of the gourmand {Gourm, !d}
   (You found it on level 4 of the Lair of Beasts)
 J - the ring of Majantoe (right hand) {rElec rC+ rN+ Int-3 Dex+3}
   (You found it on level 8 of the Lair of Beasts)

   [ring of dexterity]

   It affects your intelligence (-3).
   It affects your dexterity (+3).
   It protects you from cold.
   It insulates you from electricity.
   It protects you from negative energy.
 V - an uncursed amulet of clarity {Clar, !d}
   (You found it on level 4 of the Lair of Beasts)
Wands
 a - a wand of digging (9)
   (You found it on level 8 of the Dungeon)
 g - a wand of lightning (4)
   (You found it on level 7 of the Lair of Beasts)
 h - a wand of draining (5)
   (You found it on level 8 of the Dungeon)
 k - a wand of lightning (5)
   (You found it on level 7 of the Lair of Beasts)
 F - a wand of paralysis (4)
   (You found it on level 6 of the Dungeon)
 R - a wand of disintegration (11)
   (You found it on level 1 of the Lair of Beasts)
Scrolls
 b - 6 scrolls of amnesia
 i - 3 scrolls of magic mapping {!r}
 s - a scroll of identify
 u - a scroll of blinking {!r}
 A - a scroll of brand weapon
 D - 2 scrolls of recharging
 M - 2 scrolls of enchant weapon
 O - 5 scrolls of teleportation
 T - 2 scrolls of remove curse
Potions
 j - 4 potions of heal wounds
 w - a potion of cancellation
 x - a potion of might
 B - a potion of cure mutation {!q}
 C - 3 potions of brilliance
 P - 2 potions of resistance
 Q - a potion of magic
 U - a potion of agility
 Z - 4 potions of curing
Books
 Y - a manual of Evocations {!d}
   (You found it on level 6 of the Lair of Beasts)
Miscellaneous
 m - a legendary deck of summoning {drawn: 1}
   (You found it on level 2 of the Lair of Beasts)
Comestibles
 c - 5 beef jerkies
 e - 9 bread rations {@e1}
 f - 4 chunks of flesh {@w0}
 z - 10 slices of pizza
 G - 4 meat rations {@e2}
 S - 6 fruits


   Skills:
 + Level 10.7(10.4) Fighting
 * Level 14.0(13.6) Long Blades
 - Level 1.7(1.4) Throwing
 + Level 9.9(9.5) Armour
 + Level 10.4(10.1) Dodging
 + Level 12.2(11.8) Invocations


You had 13 spell levels left.
You didn't know any spells.

Dungeon Overview and Level Annotations

Branches:
Dungeon (10/15)            Temple (1/1) D:4            Lair (8/8) D:8
  Swamp (0/4) Lair:5        Snake (0/4) Lair:5        Slime (0/6) Lair:7
    Orc (4/4) D:9             Elf (0/3) Orc:3

Altars:
Ashenzari
Cheibriados
Dithmenos
Elyvilon
Fedhas
Gozag
Kikubaaqudgha
Makhleb
Nemelex Xobeh
Okawaru
Pakellas
Qazlal
Ru
Sif Muna
Trog
Vehumet
Xom
Yredelemnul
Zin
The Shining One
Beogh

Shops:
Orc:2 =   Orc:4 (


Innate Abilities, Weirdness & Mutations

You have claws for feet.
You are partially covered in large bone plates (AC +2, SH +2).
A weak demonic guardian rushes to your aid.
You sometimes gain power by taking damage.


Message History

The orc sorcerer hits you but does no damage.
The orc high priest invokes the aid of Beogh against you.
Something smites you! The orc barely misses you.
The orc warrior hits you but does no damage.
You take 24 damage, and have 78/111 hp.
MASSIVE DAMAGE!!
You closely miss the orc sorcerer. Your kick misses the orc sorcerer.
The orc barely misses you.
The orc warrior hits you with a hand axe.
The orc high priest prays.
The orc sorcerer closely misses you.
The orc warrior hits you with a battleaxe!
You take 11 damage, and have 67/111 hp.
You slash the orc sorcerer! You drain the orc sorcerer!
Your kick misses the orc sorcerer. The orc barely misses you.
The orc warrior hits you from afar with a trident.
The orc hits you but does no damage.
The orc warrior hits you but does no damage.
The orc warrior barely misses you.
The orc sorcerer hits you but does no damage.
You take 6 damage, and have 61/111 hp.
Unknown command.
You closely miss the orc sorcerer. Your kick misses the orc sorcerer.
The orc warrior hits you but does no damage.
You block the orc's attack.
The orc warrior hits you but does no damage.
The orc high priest prays to Beogh.
Send 'em back where they came from!
Your crimson imp disappears in a puff of smoke!
The orc warrior completely misses you.
You barely miss the orc sorcerer. You claw the orc sorcerer.
The orc closely misses you. You block the orc warrior's attack.
The orc closely misses you. The orc warrior barely misses you.
You slash the orc sorcerer!
You kill the orc sorcerer!
Makhleb accepts your kill.
You feel better. The red devil barely misses you.
The orc warrior closely misses you.
The orc warrior hits you with a battleaxe.
The orc closely misses you. The orc warrior barely misses you.
The orc hits you but does no damage.
The orc high priest utters an invocation to Beogh.
You regained 8 hp, and now have 70/111 hp.
A demon appears!
You feel somewhat more hungry.
The orc warrior hits you with a short sword!
The orc warrior hits you but does no damage.
The red devil hits you but does no damage.
The orc completely misses you. The orc warrior closely misses you.
The orc warrior hits you from afar with a trident.
You take 20 damage, and have 50/111 hp.
You hit the orc. You drain the orc!
You kill the orc!
Makhleb accepts your kill.
You feel better. The orc misses you.
The orc warrior hits you but does no damage.
The red devil barely misses you.
You regained 2 hp, and now have 52/111 hp.
You closely miss the chaos spawn. Your kick misses the chaos spawn.
Your green death gestures at the orc warrior.
The bolt of poison hits the orc warrior.
The orc warrior is poisoned.
The orc warrior hits you from afar with a trident!
You focus on the pain.
You feel very mighty all of a sudden.
The orc warrior hits you but does no damage.
The orc warrior barely misses you.
The red devil hits you but does no damage.
You take 11 damage, and have 41/111 hp.
You slash the orc warrior! You claw the orc warrior.
Your green death closely misses the orc warrior.
The chaos spawn hits you!
* * * LOW HITPOINT WARNING * * *
The chaos spawn freezes you! You resist.
* * * LOW HITPOINT WARNING * * *
The soul eater hits you!
* * * LOW HITPOINT WARNING * * *
You partially resist.
You feel drained.
* * * LOW HITPOINT WARNING * * *
The orc warrior hits you but does no damage. x2
The orc warrior misses you.
The red devil hits you but does no damage.
You take 27 damage, and have 14/111 hp.
MASSIVE DAMAGE!!
Drink which item? (? for menu, Esc to quit)
You feel much better.
Your green death hits the orc warrior!
The orc warrior dies!
Makhleb accepts your kill. The chaos spawn gores you!
* * * LOW HITPOINT WARNING * * *
Your amulet of stasis {Stasis, !d} makes your neck tingle.
You are very lightly contaminated with residual magic.
The soul eater hits you!
* * * LOW HITPOINT WARNING * * *
You partially resist.
You feel drained.
* * * LOW HITPOINT WARNING * * *
The orc warrior completely misses you. The orc barely misses you.
The orc warrior hits you with a battleaxe!!
You die...

#.#$ P......
#..##........P..
...#........P.∩.
.#.......#.......
.............8...
..$.#....ooP..........
.......o33o...........
.......4o@o....P.P......
......#...)............#
..#.<#.$.2........##...##
.........#.#......###...##
.........................#
..........................
......................#..)
.............#...)#....).)
........................))


You could see a soul eater, an orc high priest, a chaos spawn, a red devil, 3
orc warriors, 2 orcs and a friendly green death.

Vanquished Creatures
  5 hydras
  An ogre mage (Orc:4)
  Erica (D:8)
  An orc high priest (Orc:4)
  A queen ant (Lair:1)
  A hell knight (Volcano)
  3 griffons
  4 orc sorcerers
  2 elephants (Lair:7)
  Joseph (Lair:1)
  Maurice (D:8)
  2 torpor snails (Lair:8)
  5 black mambas
  An ice statue (Lair:8)
  7 spiny frogs
  3 fire drakes
  The ghost of Borgoz the Caller, a novice DESu (D:5)
  A two-headed ogre (D:7)
  7 komodo dragons
  A spriggan druid (Lair:8)
  9 polar bears (Lair:8)
  Grinder (D:4)
  16 blink frogs
  5 redbacks (Lair:8)
  A human (D:7)
  9 spriggans (Lair:8)
  46 yaks
  4 wraiths
  A deep elf mage (D:9)
  A basilisk (Lair:7)
  3 fire bats (Volcano)
  Grum (D:8)
  8 hippogriffs
  19 wolves
  19 soldier ants
  10 water moccasins
  7 porcupines
  Duvessa (D:4)
  A naga (Lair:5)
  9 orc warriors
  A phantom (D:5)
  15 ogres
  5 ice beasts
  2 sky beasts
  5 black bears (Lair:8)
  A centaur (D:9)
  3 wasps (Lair:8)
  15 crocodiles
  19 giant frogs
  Blork the orc (D:5)
  A big kobold (D:9)
  Dowan (D:4)
  2 scorpions
  A jelly (D:7)
  3 wights (D:9)
  2 electric eels
  5 crimson imps
  2 giant frog zombies
  3 lava snakes (Volcano)
  11 orc priests
  3 giant frog skeletons
  8 hounds
  Crazy Yiuf (D:6)
  13 orc wizards
  3 centaur skeletons
  2 quasits
  Ijyb (D:2)
  Natasha (thrice) (D:4)
  11 iguanas
  28 worker ants
  A killer bee zombie (D:9)
  24 sheep
  46 river rats
  A worker ant zombie (D:7)
  14 gnolls
  15 adders
  A shadow imp (D:9)
  10 white imps
  3 oozes
  An adder skeleton (D:4)
  An adder zombie (D:7)
  94 orcs
  2 ball pythons
  4 giant cockroaches
  11 goblins
  5 hobgoblins
  22 jackals
  11 kobolds
  7 quokkas
  8 bats
  12 giant geckos
  A giant gecko zombie (D:6)
  6 giant newts
  A quokka skeleton (D:6)
  6 rats
698 creatures vanquished.

Vanquished Creatures (collateral kills)
  Gastronok (Lair:1)
  Snorg (Lair:5)
  Josephine (Lair:4)
  An ice dragon (Lair:8)
  2 hydras
  A statue (Volcano)
  3 elephants (Lair:7)
  3 komodo dragons
  A spiny frog (Lair:1)
  A boulder beetle (Lair:5)
  A polar bear (Lair:8)
  5 blink frogs
  A wraith (Lair:3)
  2 spriggans (Lair:8)
  A redback (Lair:8)
  A hippogriff (Lair:1)
  2 wolves (Lair:8)
  A soldier ant (Lair:1)
  An orc warrior (Orc:4)
  2 hell hounds (Volcano)
  A wasp (Lair:8)
  An ice beast (Lair:8)
  An ogre (Orc:1)
  3 black bears (Lair:8)
  A crimson imp (Volcano)
  An iguana (Lair:2)
  An orc priest (Orc:2)
  A sheep (Lair:8)
  4 worker ants (Lair:1)
  4 river rats
  5 white imps
  5 orcs (Orc:2)
  2 fungi (Lair:5)
62 creatures vanquished.

Vanquished Creatures (others)
  A giant frog (Lair:2)
  18 fungi
  19 plants
38 creatures vanquished.

Grand Total: 798 creatures vanquished

Notes
Turn   | Place    | Note
--------------------------------------------------------------
     0 | D:1      | Raultor the Demonspawn Gladiator began the quest for the Orb.
     0 | D:1      | Reached XP level 1. HP: 16/16 MP: 1/1
   276 | D:1      | Gained mutation: You are partially covered in large bone plates (AC +2, SH +2). [demonic ancestry]
   276 | D:1      | Reached XP level 2. HP: 22/22 MP: 2/2
   488 | D:1      | Reached skill level 3 in Dodging
   535 | D:1      | Found a sparkling altar of Nemelex Xobeh.
   542 | D:1      | Reached skill level 3 in Long Blades
   834 | D:2      | Reached XP level 3. HP: 26/28 MP: 3/3
  1076 | D:2      | Reached skill level 1 in Armour
  1110 | D:2      | Gained mutation: You have sharp toenails. [demonic ancestry]
  1110 | D:2      | Reached XP level 4. HP: 18/34 MP: 4/4
  1336 | D:2      | Found an iron altar of Okawaru.
  1545 | D:2      | Found a basalt altar of Yredelemnul.
  1548 | D:2      | Found a deep blue altar of Sif Muna.
  1690 | D:2      | Found an opulent altar of Gozag.
  1698 | D:2      | Reached skill level 4 in Long Blades
  1698 | D:2      | Reached XP level 5. HP: 36/40 MP: 5/5
  1850 | D:2      | Noticed Ijyb
  1892 | D:2      | Killed Ijyb
  1892 | D:2      | Reached skill level 3 in Fighting
  2399 | D:3      | Found a stormy altar of Qazlal.
  2984 | D:3      | Gained mutation: You have razor-sharp toenails. [demonic ancestry]
  2984 | D:3      | Reached XP level 6. HP: 43/47 MP: 6/6
  3182 | D:4      | Reached skill level 2 in Armour
  3239 | D:4      | Noticed Natasha
  3270 | D:4      | Killed Natasha
  3319 | D:4      | Reached skill level 5 in Long Blades
  3355 | D:4      | Found a stormy altar of Qazlal.
  3374 | D:4      | Noticed Duvessa
  3374 | D:4      | Noticed Dowan
  3405 | D:4      | Killed Duvessa
  3405 | D:4      | Reached skill level 4 in Dodging
  3405 | D:4      | Gained mutation: You have claws for feet. [demonic ancestry]
  3405 | D:4      | Reached XP level 7. HP: 33/53 MP: 7/7
  3562 | D:4      | Killed Dowan
  3562 | D:4      | Reached skill level 4 in Fighting
  3627 | D:4      | Noticed Natasha
  3634 | D:4      | Killed Natasha
  3794 | D:4      | Noticed Natasha
  3799 | D:4      | Killed Natasha
  3958 | D:4      | Noticed Grinder
  3996 | D:4      | Killed Grinder
  3996 | D:4      | Reached skill level 3 in Armour
  4076 | D:4      | Found a staircase to the Ecumenical Temple.
  4086 | Temple   | Entered the Ecumenical Temple
  4188 | Temple   | Became a worshipper of Makhleb the Destroyer
  4709 | D:5      | Entered Level 5 of the Dungeon
  4709 | D:5      | Noticed Borgoz's ghost (novice DESu)
  4725 | D:5      | Killed Borgoz's ghost
  4725 | D:5      | Reached skill level 6 in Long Blades
  4725 | D:5      | Reached skill level 1 in Invocations
  4725 | D:5      | Reached XP level 8. HP: 54/61 MP: 7/9
  4752 | D:5      | Found a radiant altar of Vehumet.
  4757 | D:5      | Reached skill level 2 in Invocations
  4800 | D:5      | Reached skill level 5 in Dodging
  5023 | D:5      | Found an ancient bone altar of Kikubaaqudgha.
  5152 | D:5      | Noticed Blork the orc
  5175 | D:5      | Killed Blork the orc
  5175 | D:5      | Reached skill level 5 in Fighting
  5309 | D:6      | Reached * piety under Makhleb
  5322 | D:6      | Reached skill level 3 in Invocations
  5493 | D:6      | Found a shadowy altar of Dithmenos.
  5519 | D:6      | Reached skill level 4 in Armour
  5624 | D:6      | Reached skill level 7 in Long Blades
  5788 | D:6      | Gained mutation: You sometimes gain a little power by taking damage. [demonic ancestry]
  5788 | D:6      | Reached XP level 9. HP: 51/68 MP: 11/11
  6038 | D:6      | Reached ** piety under Makhleb
  6081 | D:6      | Noticed Crazy Yiuf
  6088 | D:6      | Killed Crazy Yiuf
  6098 | D:6      | Got a polished mace
  6099 | D:6      | Identified the cursed +3 mace of Ru's Displeasure {elec, *Drain rElec rC+++ Dex-2} (You found it on level 6 of the Dungeon)
  6315 | D:7      | Found a white marble altar of Elyvilon.
  6563 | D:7      | Reached skill level 4 in Invocations
  6731 | D:7      | Found a sparkling altar of Nemelex Xobeh.
  6731 | D:7      | Found a shimmering altar of Xom.
  6789 | D:7      | Reached skill level 8 in Long Blades
  6818 | D:7      | Reached skill level 6 in Fighting
  6818 | D:7      | Reached skill level 6 in Dodging
  7009 | D:7      | Got a sheer robe
  7020 | D:7      | Identified the +1 robe of Vanity {rF+ Str+3 Slay+3 SInv} (You found it on level 7 of the Dungeon)
  7058 | D:7      | Reached skill level 5 in Armour
  7148 | D:7      | Reached *** piety under Makhleb
  7439 | D:8      | Noticed Erica
  7610 | D:8      | Noticed Maurice
  7682 | D:8      | Killed Maurice
  7682 | D:8      | Reached skill level 5 in Invocations
  7985 | D:8      | Found a staircase to the Lair.
  8001 | D:8      | Noticed a komodo dragon
  8014 | D:8      | Killed a komodo dragon
  8014 | D:8      | Reached XP level 10. HP: 41/77 MP: 13/13
  8019 | D:8      | HP: 13/77 [Erica/bolt of poison (23)]
  8020 | D:8      | Killed Erica
  8025 | D:8      | HP: 8/77 [poisoned by Erica (bolt of poison)]
  8031 | D:8      | HP: 5/77 [poisoned by Erica (bolt of poison)]
  8036 | D:8      | HP: 5/77 [poisoned by Erica (bolt of poison)]
  8043 | D:8      | HP: 4/77 [poisoned by Erica (bolt of poison)]
  8051 | D:8      | HP: 4/77 [poisoned by Erica (bolt of poison)]
  8506 | D:8      | Noticed Grum
  8514 | D:8      | Reached skill level 9 in Long Blades
  8518 | D:8      | Killed Grum
  8642 | D:8      | Reached **** piety under Makhleb
  8756 | D:8      | Found an oddly glowing altar of Pakellas.
  8948 | D:9      | Reached skill level 6 in Invocations
  8975 | D:9      | Found a sacrificial altar of Ru.
  8987 | D:9      | Found a staircase to the Orcish Mines.
  9007 | D:9      | Found a bloodstained altar of Trog.
  9069 | D:9      | Found a snail-covered altar of Cheibriados.
  9115 | D:9      | Reached skill level 7 in Fighting
  9123 | D:9      | Reached skill level 7 in Dodging
  9136 | D:9      | Reached skill level 6 in Armour
  9362 | D:9      | Reached skill level 7 in Invocations
  9559 | D:9      | Reached ***** piety under Makhleb
  9563 | D:9      | Gained mutation: A weak demonic guardian rushes to your aid. [demonic ancestry]
  9563 | D:9      | Reached XP level 11. HP: 84/84 MP: 16/16
  9638 | D:9      | Found a glowing golden altar of the Shining One.
  9741 | D:10     | Entered Level 10 of the Dungeon
  9806 | D:10     | Reached skill level 10 in Long Blades
 10488 | Lair:1   | Entered Level 1 of the Lair of Beasts
 11014 | Lair:1   | HP: 21/85 [soldier ant (1)]
 11347 | Lair:1   | Noticed Gastronok
 11383 | Lair:1   | Killed Gastronok
 11383 | Lair:1   | Reached skill level 8 in Invocations
 11511 | Lair:1   | Noticed a queen ant
 11541 | Lair:1   | HP: 15/86 [queen ant (8)]
 11831 | Lair:1   | Reached skill level 8 in Fighting
 12096 | Lair:1   | Killed a queen ant
 12096 | Lair:1   | Reached skill level 7 in Armour
 12657 | Lair:1   | Noticed Joseph
 12671 | Lair:1   | Killed Joseph
 12671 | Lair:1   | Reached skill level 8 in Dodging
 13025 | Lair:2   | HP: 20/86 [komodo dragon (15)]
 13026 | Lair:2   | Reached skill level 11 in Long Blades
 13064 | Lair:2   | HP: 21/86 [soldier ant (8)]
 13067 | Lair:2   | HP: 6/86 [soldier ant (6)]
 13231 | Lair:2   | Found a frozen archway.
 13501 | Lair:2   | Reached skill level 9 in Invocations
 13535 | Lair:2   | Found a dark tunnel.
 13540 | Volcano  | Entered a volcano
 13607 | Volcano  | Reached XP level 12. HP: 51/94 MP: 18/18
 13963 | Volcano  | Found a burning altar of Makhleb.
 14524 | Lair:2   | HP: 23/94 [poisoned by a spiny frog]
 14530 | Lair:2   | HP: 22/94 [poisoned by a spiny frog]
 14536 | Lair:2   | HP: 21/94 [poisoned by a spiny frog]
 14544 | Lair:2   | HP: 21/94 [poisoned by a spiny frog]
 14711 | Lair:2   | Reached ****** piety under Makhleb
 14958 | Lair:2   | You fall through a shaft for 2 floors!
 15538 | Lair:2   | Noticed a six-headed hydra
 15548 | Lair:2   | Killed a three-headed hydra
 16156 | Lair:3   | Noticed a four-headed hydra
 16163 | Lair:3   | Killed a one-headed hydra
 16163 | Lair:3   | Reached skill level 9 in Fighting
 16163 | Lair:3   | Reached skill level 8 in Armour
 16193 | Lair:4   | Noticed Josephine
 16251 | Lair:3   | Reached skill level 10 in Invocations
 16367 | Lair:3   | Reached skill level 12 in Long Blades
 16457 | Lair:4   | Killed Josephine
 16496 | Lair:4   | Noticed an eight-headed hydra
 16525 | Lair:4   | Killed a five-headed hydra
 16533 | Lair:4   | Reached skill level 9 in Dodging
 17374 | Lair:5   | Gained mutation: You sometimes gain power by taking damage. [demonic ancestry]
 17374 | Lair:5   | Reached XP level 13. HP: 62/101 MP: 20/20
 17584 | Lair:5   | Noticed Snorg
 17591 | Lair:5   | Killed Snorg
 17615 | Lair:5   | Found a staircase to the Snake Pit.
 17688 | Lair:5   | Found a staircase to the Swamp.
 18179 | Lair:5   | HP: 8/101 [boulder beetle (25)]
 18189 | Lair:5   | HP: 16/101 [blink frog (6)]
 18597 | Lair:5   | Got a faintly humming scale mail
 18608 | Lair:5   | Identified the +3 scale mail of Intercession {rElec rCorr} (You found it on level 5 of the Lair of Beasts)
 19134 | Lair:6   | Identified a +0 rod of the swarm (10/10) (You found it on level 6 of the Lair of Beasts)
 19611 | Lair:6   | Reached skill level 9 in Armour
 19951 | Lair:7   | Reached skill level 13 in Long Blades
 19953 | Lair:7   | Reached skill level 11 in Invocations
 20229 | Lair:7   | Reached skill level 10 in Fighting
 20266 | Lair:7   | Found a staircase to the Slime Pits.
 20817 | Lair:8   | Entered Level 8 of the Lair of Beasts
 21232 | Lair:8   | HP: 14/103 [spriggan rider/spear (19)]
 21487 | Lair:8   | Reached XP level 14. HP: 111/111 MP: 22/22
 21504 | Lair:8   | Got an ichor-stained chain mail
 21526 | Lair:8   | Identified the cursed +1 chain mail of the Game Afoot {*Contam rPois rCorr} (You found it on level 8 of the Lair of Beasts)
 21671 | Lair:8   | Reached skill level 10 in Dodging
 21960 | Lair:8   | HP: 1/111 [ice dragon/blast of cold (35)]
 21965 | Lair:8   | HP: 8/111 [ice dragon/blast of cold (16)]
 22012 | Lair:7   | HP: 11/111 [elephant (7)]
 22494 | Lair:8   | Reached skill level 12 in Invocations
 22576 | Lair:8   | Got a clouded pewter ring
 22578 | Lair:8   | Identified the ring of Majantoe {rElec rC+ rN+ Int-3 Dex+3} (You found it on level 8 of the Lair of Beasts)
 22947 | Orc:1    | Entered Level 1 of the Orcish Mines
 23228 | Orc:2    | Found Wuril's Jewellery Shoppe.
 23249 | Orc:2    | Found a roughly hewn altar of Beogh.
 23392 | Orc:3    | Found a staircase to the Elven Halls.
 24478 | Orc:4    | Entered Level 4 of the Orcish Mines
 24524 | Orc:4    | Reached skill level 14 in Long Blades
 24579 | Orc:4    | Found Maisa's Antique Weapon Shoppe.
 24594 | Orc:4    | HP: 25/111 [chaos spawn[an orc high priest] (8)]
 24595 | Orc:4    | Slain by an orc warrior

Vault maps used:
D:1:      dpeg_arrival_tiny_a, nemelex_xobeh_ov_fountains_minmay
D:2:      grunt_temple_overflow_cloverleaf, serial_forest,
          infiniplex_forest_3_way, infiniplex_forest_clump_tiny,
          infiniplex_forest_lined_corner, infiniplex_forest_diagonal,
          infiniplex_forest_clump_long, infiniplex_forest_straight_2,
          infiniplex_forest_end_2, infiniplex_forest_straight_5, uniq_iyjb
D:3:      lemuel_round_altar
D:4:      lemuel_temple_firewalk_marked, first_bread, grunt_decor_clamped,
          grunt_qazlal_clouds, uniq_grinder, uniq_duvessa, uniq_natasha
D:5:      nicolae_overflow_crystal_walls, vehumet_crystals,
          minmay_tree_intersection, uniq_blork_the_orc
D:6:      grunt_dithmenos_smoke, kennysheep_generic_room_14,
          uniq_crazy_yiuf_cottage
D:7:      gammafunk_temple_overflow_statue, basic_altar, st_stairs_10,
          grunt_livestock
D:8:      lemuel_crystal_altar, david_lair_shrubbed, uniq_maurice, uniq_grum,
          uniq_erica
D:9:      bloody_trog, kennysheep_mini, lemuel_crystal_altar, orc_0_dummy,
          basic_altar
Temple:   hc_temple_tempest_star_small
Lair:1:   minivault_29, grunt_megastairs_1, uniq_gastronok, uniq_joseph
Lair:2:   portal_ice_cave_entry_imps, enter_volcano_1, minivault_19,
          serial_bayou_pond_d, lemuel_old_faithful
Lair:4:   serial_bayou_ford_a, uniq_josephine
Lair:5:   swamp_mist_pool, guppyfry_snake_entry_island, uniq_snorg
Lair:6:   grunt_megastairs_5
Lair:7:   slime_dummy, serial_bayou_pond_e, serial_bayou_shore_a,
          serial_bayou_shore_b
Lair:8:   minmay_lair_end_enchanted_forest, ice2_lemuel, lemuel_fruit_fields
Orc:1:    lemuel_ogre_cave
Orc:2:    basic_altar, serial_shops, shop
Orc:3:    nicolae_orc_pool_cavern
Orc:4:    grunt_orc_gardens, grunt_orc_garden, grunt_orc_garden,
          grunt_orc_garden, grunt_orc_garden, lemuel_statue_altar
Volcano:  volcano_grotto

Action                   |  1- 3 |  4- 6 |  7- 9 | 10-12 | 13-15 || total
-------------------------+-------+-------+-------+-------+-------++-------
Melee: Long sword        |   103 |   292 |   263 |       |       ||   658
       Great sword       |       |       |    78 |  1017 |   893 ||  1988
       Mace              |       |       |   113 |       |       ||   113
       Scimitar          |       |       |       |    14 |    17 ||    31
Throw: Throwing net      |       |       |     2 |       |       ||     2
Invok: Minor Destruction |       |       |       |     1 |       ||     1
       Lesser Servant of |       |       |       |     7 |     7 ||    14
       Major Destruction |       |       |       |       |     1 ||     1
       Greater Servant o |       |       |       |       |     3 ||     3
Evoke: Deck              |       |       |       |       |     1 ||     1
  Use: Scroll            |     3 |     1 |     6 |    13 |     6 ||    29
       Potion            |       |       |     1 |     7 |    15 ||    23
 Stab: Sleeping          |       |       |     4 |       |       ||     4
       Distracted        |       |       |       |     9 |     9 ||    18
       Invisible         |       |       |       |       |     5 ||     5
  Eat: Chunk             |     1 |     8 |    15 |    27 |    26 ||    77
       Royal jelly       |       |       |       |     2 |     1 ||     3

Vault maps used:
D:1:      dpeg_arrival_tiny_a, nemelex_xobeh_ov_fountains_minmay
D:2:      grunt_temple_overflow_cloverleaf, serial_forest,
          infiniplex_forest_3_way, infiniplex_forest_clump_tiny,
          infiniplex_forest_lined_corner, infiniplex_forest_diagonal,
          infiniplex_forest_clump_long, infiniplex_forest_straight_2,
          infiniplex_forest_end_2, infiniplex_forest_straight_5, uniq_iyjb
D:3:      lemuel_round_altar
D:4:      lemuel_temple_firewalk_marked, first_bread, grunt_decor_clamped,
          grunt_qazlal_clouds, uniq_grinder, uniq_duvessa, uniq_natasha
D:5:      nicolae_overflow_crystal_walls, vehumet_crystals,
          minmay_tree_intersection, uniq_blork_the_orc
D:6:      grunt_dithmenos_smoke, kennysheep_generic_room_14,
          uniq_crazy_yiuf_cottage
D:7:      gammafunk_temple_overflow_statue, basic_altar, st_stairs_10,
          grunt_livestock
D:8:      lemuel_crystal_altar, david_lair_shrubbed, uniq_maurice, uniq_grum,
          uniq_erica
D:9:      bloody_trog, kennysheep_mini, lemuel_crystal_altar, orc_0_dummy,
          basic_altar
Temple:   hc_temple_tempest_star_small
Lair:1:   minivault_29, grunt_megastairs_1, uniq_gastronok, uniq_joseph
Lair:2:   portal_ice_cave_entry_imps, enter_volcano_1, minivault_19,
          serial_bayou_pond_d, lemuel_old_faithful
Lair:4:   serial_bayou_ford_a, uniq_josephine
Lair:5:   swamp_mist_pool, guppyfry_snake_entry_island, uniq_snorg
Lair:6:   grunt_megastairs_5
Lair:7:   slime_dummy, serial_bayou_pond_e, serial_bayou_shore_a,
          serial_bayou_shore_b
Lair:8:   minmay_lair_end_enchanted_forest, ice2_lemuel, lemuel_fruit_fields
Orc:1:    lemuel_ogre_cave
Orc:2:    basic_altar, serial_shops, shop
Orc:3:    nicolae_orc_pool_cavern
Orc:4:    grunt_orc_gardens, grunt_orc_garden, grunt_orc_garden,
          grunt_orc_garden, grunt_orc_garden, lemuel_statue_altar
Volcano:  volcano_grotto

Table legend:
 A = Turns spent in this place as a percentage of turns spent in the entire game.
 B = Non-inter-level travel turns spent in this place as a percentage of non-inter-level travel turns spent in the entire game.
 C = Inter-level travel turns spent in this place as a percentage of turns spent in this place.
 D = Turns resting spent in this place as a percentage of non-inter-level travel turns spent in this place.
 E = Turns spent auto-exploring this place as a percentage of non-inter-level travel turns spent in this place.
 F = Non-inter-level travel turns spent in this place divided by the number of levels of this place that you've seen.
                   A       B       C       D       E      F
               +-------+-------+-------+-------+-------+----------------------
         Total | 100.0 | 100.0 |   0.6 |   2.5 |   8.1 | 279.5
       Dungeon |  38.9 |  39.0 |   0.5 |   2.6 |  10.0 | 261.3
        Temple |   0.5 |   0.4 |   3.2 |   0.0 |  16.7 |  30.0
          Lair |  49.7 |  49.8 |   0.4 |   2.5 |   6.3 | 417.8
  Orcish Mines |   7.5 |   7.3 |   2.4 |   0.0 |  12.4 | 123.0
       Volcano |   3.4 |   3.4 |   0.0 |   7.8 |   1.7 | 230.0
               +-------+-------+-------+-------+-------+----------------------

Table legend:
 A = Kills in this place as a percentage of kills in entire the game.
 B = Kills by you in this place as a percentage of kills by you in the entire game.
 C = Kills by friends in this place as a percentage of kills by friends in the entire game.
 D = Other kills in this place as a percentage of other kills in the entire game.
 E = Experience gained in this place as a percentage of experience gained in the entire game.
 F = Experience gained in this place divided by the number of levels of this place that you have seen.
                   A       B       C       D       E      F
               +-------+-------+-------+-------+-------+----------------------
         Total | 100.0 | 100.0 | 100.0 |  -nan | 100.0 | 3456.2
       Dungeon |  36.9 |  40.1 |   0.0 |  -nan |  15.6 | 1295.2
          Lair |  47.1 |  44.3 |  80.0 |  -nan |  73.0 | 7564.2
  Orcish Mines |  14.4 |  14.5 |  13.3 |  -nan |   8.7 | 1801.2
       Volcano |   1.6 |   1.1 |   6.7 |  -nan |   2.7 | 2277.0
               +-------+-------+-------+-------+-------+----------------------
